 Dungeon Crawl Stone Soup version 0.27.1-37-g7b29ead8ac (webtiles) character file.

Game seed: 14621606364037729135

221 AarnesTheHuman the Changer (level 5, -17/41 HPs)
             Began as a Merfolk Transmuter on Aug 27, 2023.
             Killed from afar by a steam dragon (25 damage)
             ... with a ball of steam
             ... on level 4 of the Dungeon on Aug 28, 2023.
             The game lasted 00:10:49 (6377 turns).

AarnesTheHuman the Changer (Merfolk Transmuter)     Turns: 6377, Time: 00:10:50

Health: -17/41     AC:  2    Str: 10    XL:     5   Next: 98%
Magic:  6/9        EV: 12    Int: 13    God:
Gold:   181        SH:  0    Dex: 15    Spells: 0/9 levels left

rFire    . . .     SeeInvis .   a - +0 trident
rCold    . . .     Faith    .   (no shield)
rNeg     . . .     Spirit   .   p - +0 robe
rPois    .         Reflect  .   (helmet currently unavailable)
rElec    .         Harm     .   (no cloak)
rCorr    .         Rampage  .   (no gloves)
Will     +....                  (boots currently unavailable)
Stlth    ++........             (no amulet)
HPRegen  0.13/turn              t - ring of willpower
MPRegen  0.11/turn              (no ring)

@: mighty, appendages, wereblooded
A: horns 2, (nimble swimmer 2), mertail
a: End Transformation


You were on level 4 of the Dungeon.
You had temporarily grown beastly horns.
You visited 1 branch of the dungeon, and saw 4 of its levels.

You collected 181 gold pieces.

Inventory:

Hand Weapons
 a - a +0 trident (weapon)
 b - a +0 hunting sling
 f - a +0 rapier
 q - a +0 quarterstaff
 s - a +0 dagger
Missiles
 e - 87 stones (quivered)
 j - 20 sling bullets
Armour
 p - a +0 robe (worn)
Jewellery
 g - an amulet of guardian spirit
 t - a ring of willpower (left hand)
Wands
 k - a wand of digging (5)
Scrolls
 m - a scroll of blinking
Potions
 c - a potion of might
 d - a potion of mutation {unknown}
 h - a potion of magic {unknown}
 i - a potion of brilliance {unknown}
 l - a potion of curing
 n - a potion of lignification {unknown}
 o - a potion of invisibility {unknown}
 r - a potion of experience {unknown}


   Skills:
 - Level 3.0 Fighting
 + Level 1.8 Polearms
 - Level 2.6 Dodging
 - Level 2.0 Stealth
 - Level 3.2 Unarmed Combat
 - Level 2.6 Spellcasting
 - Level 5.0 Transmutations
 + Level 0.0 Ice Magic
 + Level 1.9 Poison Magic


You couldn't memorise any spells.
You knew the following spells:

 Your Spells              Type           Power      Damage    Failure   Level
a - Beastly Appendage     Tmut           28%        N/A       3%          1
b - Wereblood             Tmut           14%        N/A       4%          2
c - Spider Form           Tmut/Pois      5%         N/A       17%         3
d - Frozen Ramparts       Ice            2%         1d2       56%         3

Your spell library contained the following spells:

 Spells                   Type           Power      Damage    Failure   Level
 Animate Skeleton         Necr           2%         N/A       24%         1
 Apportation              Tloc           2%         N/A       24%         1
 Corona                   Hex            1%         N/A       24%         1
 Freeze                   Ice            4%         1d3       24%         1
 Summon Small Mammal      Summ           4%         N/A       24%         1
 Ice Form                 Ice/Tmut       8%         N/A       63%         4
 Hailstorm                Conj/Ice       1%         3d3       93%         4


Dungeon Overview and Level Annotations

Branches:
Dungeon (4/15)
 Temple: D:4-7

Altars:

Annotations:
D:1 exclusion: 2 downstairs


Innate Abilities, Weirdness & Mutations

You have temporarily grown beastly horns.
((You are quick and stealthy near water. (Stealth+, EV+, Speed+++)))
Your lower body shifts to a powerful aquatic tail in water.


Message History

You howl as the wereblood boils in your veins!
You howl as the wereblood boils in your veins!
Your primal bloodlust has ended.
There is an escape hatch in the ceiling here.
Things that are here:
a +0 club; a +0 scale mail
Things that are here:
a +0 club; a +0 scale mail
There is an escape hatch in the ceiling here.
A steam dragon comes into view.
Found 2 fizzy blue potions.
Found a stone staircase leading up.
The steam dragon hisses angrily.
Okay, then.
Unknown command.
Unknown command.
Unknown command.
Unknown command.
Unknown command.
Okay, then.
Unknown command.
You feel very mighty all of a sudden. The steam dragon breathes steam at you.
The ball of steam hits you!!
Ouch! That really hurt!
Casting: Wereblood (safe; 4% risk of failure)
Confirm with . or Enter, or press ? or * to list all spells.
You grow a pair of large bovine horns.
Casting: Beastly Appendage (safe; 3% risk of failure)
Confirm with . or Enter, or press ? or * to list all spells.
Your blood is infused with primal strength.
You closely miss the steam dragon. The steam dragon breathes steam at you.
The ball of steam misses you.
You closely miss the steam dragon.
You are engulfed in a cloud of scalding steam.
* * * LOW HITPOINT WARNING * * *
The steam dragon breathes steam at you. The ball of steam hits you!!
Ouch! That really hurt!
You die...

#o#
.##.#.#
#o# ..
..... #..!
#.# ..#
#### #..#
#.# ..#
#.<# #o#
..# #..#
..# ###..#
### ....
#D######
#ยง@....#
######.#
#.# #.#
########.#
####
#........#
..[.
#.########
#### #.#
#.#


You could see a steam dragon (catching breath).

Vanquished Creatures
  A jelly (D:4)
  An orc priest (D:4)
  A hound (D:3)
  3 adders
  4 worms
  5 dart slugs
  5 orcs
  8 bats
  7 endoplasms
  3 giant cockroaches
  3 goblins
  6 hobgoblins
  10 jackals
  4 quokkas
  5 ball pythons
  2 frilled lizards
  5 kobolds
  4 rats
77 creatures vanquished.

Notes
Turn   | Place    | Note
-------+----------+-------------------------------------------
     0 | D:1      | AarnesTheHuman the Merfolk Transmuter began the quest for
                  | the Orb.
     0 | D:1      | Reached XP level 1. HP: 15/15 MP: 3/3
    45 | D:1      | Reached skill level 3 in Transmutations
    59 | D:1      | Reached XP level 2. HP: 8/21 MP: 3/5
   629 | D:1      | Reached skill level 4 in Transmutations
  1079 | D:1      | Reached XP level 3. HP: 17/26 MP: 4/6
  1082 | D:1      | Learned a level 2 spell: Wereblood
  1668 | D:1      | Reached skill level 5 in Transmutations
  1672 | D:1      | Learned a level 3 spell: Spider Form
  2226 | D:2      | Reached skill level 1 in Stealth
  2351 | D:2      | Reached XP level 4. HP: 15/33 MP: 4/7
  4736 | D:3      | Reached skill level 1 in Poison Magic
  4736 | D:3      | Reached XP level 5. HP: 23/39 MP: 5/8
  6085 | D:4      | Reached skill level 1 in Polearms
  6096 | D:4      | Learned a level 3 spell: Frozen Ramparts
  6371 | D:4      | Noticed a steam dragon
  6377 | D:4      | Killed from afar by a steam dragon

Illustrated notes

Levels and vault maps discovered:
D:1:      lemuel_arrival_room, layout_basic, serial_co_window_serial,
          co_window_of_opportunity_a, co_window_corner_a, co_window_paths_b,
          co_window_paths_a, co_window_paths_a, co_window_2corner,
          co_window_broadway_c, co_window_corner_b, co_window_of_opportunity_c,
          co_window_broadway_a, glass_columns_b, glass_columns_c,
          grunt_decor_resistance
D:2:      layout_basic, grunt_decor_junction
D:3:      layout_rooms
D:4:      layout_loops_ring, minmay_between

Skill      XL: |  1  2  3  4  5 |
---------------+----------------+-----
Transmutations | 3 4 5 |  5.0
Stealth        | 1 2 |  2.0
Fighting       | 2 3 |  3.0
Poison Magic   | 1 |  1.9
Polearms       | 1 |  1.8
Dodging        | |  2.6
Unarmed Combat | |  3.2
Spellcasting   | |  2.6

Action                   |  1- 3 |  4- 6 || total
-------------------------+-------+-------++-------
Melee: Rapier            |    33 |       ||    33
       Headbutt          |    22 |    32 ||    54
       Dagger            |    90 |   171 ||   261
       Punch             |     2 |     2 ||     4
       Trident           |       |    20 ||    20
Throw: Stone             |     1 |       ||     1
 Cast: Beastly Appendage |    25 |    26 ||    51
       Wereblood         |     9 |    20 ||    29
  Use: Scroll            |       |     3 ||     3
       Potion            |       |     3 ||     3
 Stab: Sleeping          |     1 |     1 ||     2
       Distracted        |       |     1 ||     1
Armor: Robe              |    34 |    34 ||    68
Dodge: Dodged            |    98 |   146 ||   244
